[ AOE2 MATCH · #507826707 ]
UnrankedMongols vs Mongols
Player's team · WIN
Rival team · LOSS
[ REPLAY ANALYSIS · EXTRACTED FROM THE RECORDED GAME ]
Feudal
13:29
Castle
31:30
Imperial
—
| APM avg | 67.0 |
| APM peak | 104 |
| eAPM avg | 25.5 |
| Villagers / military | 86 / 53 |
Focus
⚔️ 38.7% · 🌾 61.3%
Mangudai ×19 · Skirmisher ×18 · Archer ×10 · Knight ×4 · Monk ×1 · Spearman ×1
Feudal
8:26
Castle
32:36
Imperial
—
| APM avg | 60.4 |
| APM peak | 104 |
| eAPM avg | 26.0 |
| Villagers / military | 107 / 72 |
Focus
⚔️ 44.3% · 🌾 55.7%
Archer ×34 · Skirmisher ×20 · Mangudai ×16 · Monk ×2
Match map
Initial resources + every placement click. Lines = walls · curves = elevation contours. ◆ gold · ⬟ stone · ● berries · ✦ relic · ◌ wall gap
Your base· Open — unwalled flank
250130's base· Open — 7t gap
Smoothed initial terrain · ◌ = detected wall gap · hover for details
Inputs per minute
— Guthrie_Govan - - 250130
Build order — Guthrie_Govan
First 150 of 259 actions detected
| 0:00 | Queue | Villager (Male) |
| 0:00 | Queue | Villager (Male) |
| 0:01 | Queue | Villager (Male) |
| 0:02 | Build | House |
| 0:03 | Build | House |
| 0:07 | Queue | Villager (Male) |
| 1:28 | Queue | Villager (Male) |
| 1:53 | Queue | Villager (Male) |
| 2:04 | Build | Lumber Camp |
| 2:25 | Queue | Villager (Male) |
| 2:26 | Queue | Villager (Male) |
| 3:01 | Queue | Villager (Male) |
| 3:14 | Build | House |
| 3:16 | Build | House |
| 3:20 | Queue | Villager (Male) |
| 3:20 | Queue | Villager (Male) |
| 3:28 | Queue | Villager (Male) |
| 4:11 | Queue | Villager (Male) |
| 4:11 | Queue | Villager (Male) |
| 4:14 | Build | Palisade Wall |
| 4:19 | Queue | Villager (Male) |
| 4:20 | Queue | Villager (Male) |
| 4:29 | Queue | Villager (Male) |
| 4:42 | Queue | Villager (Male) |
| 4:42 | Queue | Villager (Male) |
| 5:36 | Build | Mill |
| 6:47 | Build | Town Center |
| 6:51 | Build | Town Center |
| 7:12 | Build | Town Center |
| 7:17 | Build | Palisade Wall |
| 7:19 | Build | Palisade Wall |
| 8:03 | Queue | Villager (Male) |
| 8:03 | Queue | Villager (Male) |
| 8:03 | Queue | Villager (Male) |
| 8:11 | Build | Mill |
| 9:02 | Queue | Villager (Male) |
| 9:10 | Queue | Villager (Male) |
| 9:10 | Queue | Villager (Male) |
| 10:33 | Queue | Villager (Male) |
| 10:36 | Research | Loom |
| 10:45 | Build | House |
| 11:19 | Research | Feudal Age |
| 11:19 | Research | Feudal Age |
| 11:50 | Build | Barracks |
| 11:59 | Build | Mining Camp |
| 12:28 | Build | House |
| 13:08 | Build | House |
| 13:12 | Build | Outpost |
| 13:29 | Age | Feudal Age |
| 13:31 | Build | Archery Range |
| 13:34 | Build | Blacksmith |
| 13:37 | Queue | Villager (Male) |
| 13:41 | Build | Watch Tower |
| 13:44 | Build | House |
| 13:45 | Build | House |
| 13:48 | Build | Palisade Wall |
| 13:51 | Build | Palisade Wall |
| 13:53 | Build | Palisade Wall |
| 13:53 | Build | Palisade Wall |
| 13:54 | Build | Palisade Wall |
| 13:55 | Build | Palisade Wall |
| 13:56 | Build | Palisade Wall |
| 14:01 | Queue | Villager (Male) |
| 14:13 | Queue | Villager (Male) |
| 14:17 | Queue | Skirmisher |
| 14:18 | Queue | Skirmisher |
| 14:21 | Research | Fletching |
| 14:21 | Research | Fletching |
| 14:26 | Build | House |
| 14:29 | Build | Farm |
| 14:33 | Queue | Skirmisher |
| 14:39 | Queue | Spearman |
| 14:58 | Build | House |
| 15:08 | Build | Farm |
| 15:33 | Queue | Skirmisher |
| 15:41 | Build | Farm |
| 15:58 | Build | House |
| 16:01 | Build | House |
| 16:08 | Build | Watch Tower |
| 16:11 | Queue | Villager (Male) |
| 16:29 | Build | Watch Tower |
| 16:35 | Build | Palisade Wall |
| 16:36 | Build | Palisade Wall |
| 16:37 | Build | Palisade Wall |
| 16:38 | Build | Palisade Wall |
| 16:42 | Queue | Villager (Male) |
| 16:45 | Build | Palisade Wall |
| 16:49 | Build | Stone Wall |
| 16:53 | Build | House |
| 16:59 | Build | Palisade Wall |
| 17:00 | Build | Palisade Wall |
| 17:01 | Build | Palisade Wall |
| 17:31 | Queue | Skirmisher |
| 17:31 | Queue | Skirmisher |
| 17:34 | Queue | Villager (Male) |
| 18:13 | Build | House |
| 18:14 | Build | House |
| 18:16 | Build | House |
| 18:21 | Build | Palisade Wall |
| 18:40 | Queue | Villager (Male) |
| 18:53 | Build | Watch Tower |
| 18:58 | Queue | Villager (Male) |
| 18:58 | Queue | Skirmisher |
| 19:07 | Build | Palisade Wall |
| 19:10 | Build | House |
| 19:15 | Build | House |
| 19:26 | Build | Mill |
| 19:33 | Queue | Villager (Male) |
| 19:37 | Queue | Skirmisher |
| 19:57 | Build | Watch Tower |
| 20:00 | Queue | Skirmisher |
| 20:01 | Queue | Villager (Male) |
| 20:14 | Build | Stone Wall |
| 20:18 | Build | Stone Wall |
| 20:22 | Queue | Skirmisher |
| 20:23 | Queue | Villager (Male) |
| 20:36 | Build | Farm |
| 20:40 | Build | Farm |
| 20:57 | Build | Watch Tower |
| 21:11 | Build | Stone Wall |
| 21:13 | Build | Stone Wall |
| 21:29 | Build | Stone Wall |
| 22:08 | Queue | Skirmisher |
| 22:08 | Queue | Skirmisher |
| 22:26 | Queue | Skirmisher |
| 22:26 | Queue | Skirmisher |
| 22:32 | Queue | Villager (Male) |
| 22:42 | Queue | Villager (Male) |
| 22:51 | Build | Mining Camp |
| 23:01 | Build | Watch Tower |
| 23:03 | Build | Stone Wall |
| 23:34 | Build | Watch Tower |
| 23:41 | Queue | Skirmisher |
| 23:41 | Queue | Skirmisher |
| 23:50 | Queue | Villager (Male) |
| 24:39 | Queue | Skirmisher |
| 24:40 | Queue | Skirmisher |
| 24:46 | Queue | Villager (Male) |
| 24:47 | Queue | Villager (Male) |
| 25:16 | Queue | Villager (Male) |
| 25:49 | Queue | Archer |
| 25:49 | Queue | Archer |
| 25:49 | Queue | Archer |
| 25:49 | Queue | Archer |
| 26:40 | Queue | Villager (Male) |
| 27:27 | Queue | Villager (Male) |
| 27:31 | Build | Market |
| 28:00 | Build | Watch Tower |
| 28:04 | Build | Watch Tower |
| 28:18 | Build | Farm |
Build order — 250130
First 150 of 281 actions detected
| 0:01 | Queue | Villager (Male) |
| 0:01 | Queue | Villager (Male) |
| 0:01 | Queue | Villager (Male) |
| 0:02 | Build | House |
| 0:03 | Build | House |
| 0:13 | Queue | Villager (Male) |
| 1:14 | Queue | Villager (Male) |
| 1:14 | Queue | Villager (Male) |
| 1:46 | Build | Lumber Camp |
| 1:54 | Queue | Villager (Male) |
| 1:54 | Queue | Villager (Male) |
| 2:17 | Queue | Villager (Male) |
| 2:18 | Queue | Villager (Male) |
| 2:41 | Queue | Villager (Male) |
| 2:42 | Queue | Villager (Male) |
| 2:56 | Queue | Villager (Male) |
| 2:56 | Queue | Villager (Male) |
| 2:56 | Queue | Villager (Male) |
| 3:22 | Queue | Villager (Male) |
| 3:22 | Queue | Villager (Male) |
| 3:29 | Build | House |
| 3:41 | Queue | Villager (Male) |
| 3:52 | Queue | Villager (Male) |
| 3:52 | Queue | Villager (Male) |
| 4:19 | Build | Mill |
| 5:12 | Queue | Villager (Male) |
| 5:34 | Research | Loom |
| 6:07 | Research | Feudal Age |
| 6:07 | Research | Feudal Age |
| 6:18 | Build | Palisade Wall |
| 6:20 | Build | Palisade Wall |
| 6:25 | Queue | Villager (Male) |
| 6:34 | Build | Palisade Wall |
| 6:37 | Build | Palisade Wall |
| 7:27 | Build | Barracks |
| 7:46 | Build | Barracks |
| 7:54 | Build | Barracks |
| 8:17 | Queue | Villager (Male) |
| 8:26 | Age | Feudal Age |
| 8:38 | Research | Double-Bit Axe |
| 8:40 | Build | Archery Range |
| 8:41 | Queue | Villager (Male) |
| 9:02 | Build | Mining Camp |
| 9:24 | Build | House |
| 9:25 | Queue | Archer |
| 9:25 | Queue | Archer |
| 9:45 | Build | House |
| 9:49 | Build | House |
| 10:12 | Build | Mill |
| 10:13 | Queue | Villager (Male) |
| 10:23 | Queue | Villager (Male) |
| 10:56 | Queue | Archer |
| 11:30 | Queue | Archer |
| 12:01 | Build | Town Center |
| 12:22 | Queue | Archer |
| 12:22 | Queue | Archer |
| 12:23 | Queue | Archer |
| 13:11 | Build | Blacksmith |
| 13:19 | Queue | Villager (Male) |
| 13:20 | Queue | Villager (Male) |
| 13:34 | Queue | Villager (Male) |
| 13:34 | Queue | Archer |
| 13:53 | Research | Fletching |
| 13:55 | Queue | Villager (Male) |
| 14:16 | Queue | Villager (Male) |
| 14:23 | Build | Lumber Camp |
| 14:27 | Queue | Villager (Male) |
| 14:30 | Queue | Archer |
| 14:40 | Queue | Villager (Male) |
| 14:53 | Queue | Villager (Male) |
| 15:03 | Queue | Archer |
| 15:04 | Queue | Archer |
| 15:08 | Queue | Archer |
| 15:11 | Queue | Archer |
| 15:12 | Queue | Villager (Male) |
| 15:26 | Queue | Villager (Male) |
| 15:51 | Build | House |
| 16:26 | Queue | Villager (Male) |
| 16:26 | Queue | Villager (Male) |
| 16:31 | Queue | Archer |
| 16:32 | Queue | Archer |
| 16:39 | Queue | Archer |
| 16:47 | Queue | Villager (Male) |
| 17:22 | Queue | Archer |
| 17:23 | Queue | Archer |
| 17:38 | Build | House |
| 17:39 | Queue | Archer |
| 17:39 | Queue | Archer |
| 17:47 | Queue | Archer |
| 17:48 | Queue | Archer |
| 17:51 | Build | House |
| 18:37 | Build | House |
| 18:42 | Build | Mill |
| 18:49 | Queue | Skirmisher |
| 18:55 | Build | Farm |
| 18:59 | Build | Farm |
| 19:00 | Build | Farm |
| 19:02 | Build | Farm |
| 19:10 | Build | Farm |
| 19:12 | Build | Farm |
| 19:15 | Build | Farm |
| 19:17 | Queue | Archer |
| 19:17 | Queue | Archer |
| 19:18 | Queue | Archer |
| 19:29 | Build | Farm |
| 19:31 | Build | Farm |
| 19:34 | Queue | Archer |
| 19:46 | Queue | Archer |
| 19:57 | Build | Lumber Camp |
| 19:58 | Queue | Villager (Male) |
| 19:58 | Queue | Villager (Male) |
| 20:07 | Queue | Archer |
| 20:08 | Queue | Archer |
| 20:22 | Queue | Archer |
| 20:33 | Queue | Skirmisher |
| 20:47 | Queue | Villager (Male) |
| 20:49 | Queue | Skirmisher |
| 20:52 | Queue | Villager (Male) |
| 21:16 | Queue | Archer |
| 21:19 | Queue | Villager (Male) |
| 21:46 | Queue | Archer |
| 21:46 | Queue | Archer |
| 21:47 | Queue | Villager (Male) |
| 21:47 | Queue | Villager (Male) |
| 22:02 | Build | House |
| 22:28 | Build | Mill |
| 22:29 | Build | Farm |
| 22:29 | Build | Farm |
| 22:29 | Build | Farm |
| 22:29 | Build | Farm |
| 22:30 | Build | Farm |
| 22:30 | Build | Farm |
| 22:30 | Build | Farm |
| 22:30 | Build | Farm |
| 22:31 | Build | Farm |
| 22:32 | Queue | Villager (Male) |
| 22:32 | Queue | Villager (Male) |
| 22:41 | Build | Farm |
| 22:43 | Build | Farm |
| 22:47 | Build | House |
| 22:53 | Build | Mining Camp |
| 23:24 | Queue | Villager (Male) |
| 23:54 | Queue | Villager (Male) |
| 23:59 | Build | Farm |
| 23:59 | Build | Farm |
| 24:00 | Build | Farm |
| 24:00 | Build | Farm |
| 24:00 | Build | Farm |
| 24:00 | Build | Farm |
| 24:01 | Build | Farm |
Match timeline
| 4:14 | Guthrie_Govan · wall_segment Palisade Wall x1 |
| 6:18 | 250130 · wall_segment Palisade Wall x1 |
| 6:20 | 250130 · wall_segment Palisade Wall x10 |
| 6:34 | 250130 · wall_segment Palisade Wall x1 |
| 6:37 | 250130 · wall_segment Palisade Wall x1 |
| 7:17 | Guthrie_Govan · wall_segment Palisade Wall x1 |
| 7:19 | Guthrie_Govan · wall_segment Palisade Wall x1 |
| 7:27 | 250130 · first_building Barracks |
| 8:26 | 250130 · age_up feudal |
| 8:40 | 250130 · first_building Archery Range |
| 11:50 | Guthrie_Govan · first_building Barracks |
| 13:29 | Guthrie_Govan · age_up feudal |
| 13:31 | Guthrie_Govan · first_building Archery Range |
| 13:48 | Guthrie_Govan · wall_segment Palisade Wall x1 |
| 13:51 | Guthrie_Govan · wall_segment Palisade Wall x1 |
| 13:53 | Guthrie_Govan · wall_segment Palisade Wall x1 |
| 13:53 | Guthrie_Govan · wall_segment Palisade Wall x1 |
| 13:54 | Guthrie_Govan · wall_segment Palisade Wall x1 |
| 13:55 | Guthrie_Govan · wall_segment Palisade Wall x1 |
| 13:56 | Guthrie_Govan · wall_segment Palisade Wall x1 |
| 16:35 | Guthrie_Govan · wall_segment Palisade Wall x1 |
| 16:36 | Guthrie_Govan · wall_segment Palisade Wall x1 |
| 16:37 | Guthrie_Govan · wall_segment Palisade Wall x1 |
| 16:38 | Guthrie_Govan · wall_segment Palisade Wall x1 |
| 16:45 | Guthrie_Govan · wall_segment Palisade Wall x1 |
| 16:49 | Guthrie_Govan · wall_segment Stone Wall x1 |
| 16:59 | Guthrie_Govan · wall_segment Palisade Wall x1 |
| 17:00 | Guthrie_Govan · wall_segment Palisade Wall x1 |
| 17:01 | Guthrie_Govan · wall_segment Palisade Wall x1 |
| 18:21 | Guthrie_Govan · wall_segment Palisade Wall x1 |
| 19:07 | Guthrie_Govan · wall_segment Palisade Wall x1 |
| 20:14 | Guthrie_Govan · wall_segment Stone Wall x1 |
| 20:18 | Guthrie_Govan · wall_segment Stone Wall x1 |
| 21:11 | Guthrie_Govan · wall_segment Stone Wall x1 |
| 21:13 | Guthrie_Govan · wall_segment Stone Wall x1 |
| 21:29 | Guthrie_Govan · wall_segment Stone Wall x1 |
| 23:03 | Guthrie_Govan · wall_segment Stone Wall x1 |
| 28:43 | Guthrie_Govan · first_market_sell 100 wood |
| 28:44 | Guthrie_Govan · first_market_buy 100 food |
| 29:41 | Guthrie_Govan · wall_segment Stone Wall x1 |
| 30:23 | Guthrie_Govan · first_building Stable |
| 30:59 | 250130 · wall_segment Palisade Wall x15 |
| 31:02 | 250130 · wall_segment Palisade Wall x10 |
| 31:30 | Guthrie_Govan · age_up castle |
| 32:36 | 250130 · age_up castle |
| 32:39 | 250130 · first_building Castle |
| 32:59 | 250130 · first_building Siege Workshop |
| 33:03 | 250130 · first_building Monastery |
| 34:24 | Guthrie_Govan · first_building Castle |
| 34:41 | Guthrie_Govan · first_building Monastery |
| 36:35 | 250130 · first_market_sell 100 wood |
| 44:35 | 250130 · resign |
[ AI ANALYSIS · 1 CREDIT ]
What really happened in this match?
Wolo.gg analyzes every decision: build order, eco, micro, common mistakes by bracket. Personalized analysis on WhatsApp or Discord in 30 seconds.
Civ guide
Mongols
Perfil
Jugador #4224302